[Event "45th FIDE Womens Olympiad 2024"]
[Site "Budapest"]
[Date "2024.09.13"]
[Round "3.127"]
[White "Mendez Tovar, Yessica Yissel"]
[Black "Mbatha, Constance"]
[Result "1/2-1/2"]
[ECO "C50"]
[WhiteElo "2004"]
[BlackElo "1799"]
[Annotator "NA RC"]
[PlyCount "111"]
[EventDate "2024.09.05"]
[EventType "team-tourn"]
[EventCountry "HUN"]
[SourceTitle "playchess.com"]
[Source "ChessBase"]
[SourceQuality "1"]
[WhiteTeam "Mexico"]
[BlackTeam "Zambia"]
[WhiteTeamCountry "MEX"]
[BlackTeamCountry "ZAM"]
[TimeControl "40/5400+30:1800+30"]

1. e4 e5 2. Nf3 Nc6 3. Nc3 d6 4. Bc4 Bg4 5. h3 Bh5 6. Be2 Nf6 7. d3 Be7 8. O-O O-O 9. g4 Bg6 10. Ne1 h6 11. Bf3 Nd4 12. Be3 Ne6 13. Ng2 c6 14. Ne2 d5 15. Ng3 d4 16. Bd2 Nh7 17. Kh2 Rc8 18. Be2 Bd6 19. Nf5 Bb8 20. Ngh4 Nf4 21. Rg1 Ng5 22. Rg3 Kh7 23. Ng2 Nge6 24. Bf1 Nxg2 25. Bxg2 Nf4 26. Bf3 Rg8 27. a4 c5 28. b3 Qf6 29. Qg1 b6 30. g5 hxg5 31. Rxg5 Rh8 32. Qg4 Ne6 33. Rg1 Rce8 34. Rxg6 fxg6 35. Nh4 g5 36. Bxg5 Nxg5 37. Qh5+ Qh6 38. Rxg5 Qxh5 39. Bxh5 Re6 40. Bg4 Rf6 41. Kg3 g6 42. Nf3 Re8 43. h4 Kh6 44. Nh2 Re7 45. Be2 Rf8 46. Ng4+ Kh7 47. h5 gxh5 48. Rxh5+ Kg7 49. Nh6 Re6 50. Nf5+ Kg8 51. Bg4 Ref6 52. f3 Re8 53. Kh4 Bc7 54. Rg5+ Kh8 55. Rh5+ Kg8 56. Rg5+ 1/2-1/2

[Event "45th FIDE Womens Olympiad 2024"]
[Site "Budapest"]
[Date "2024.09.13"]
[Round "3.128"]
[White "Mwale, Naomi"]
[Black "Tec Rodas, Sofia Isavelina"]
[Result "1-0"]
[ECO "C55"]
[WhiteElo "1767"]
[BlackElo "1800"]
[Annotator "NA"]
[PlyCount "73"]
[EventDate "2024.09.05"]
[EventType "team-tourn"]
[EventCountry "HUN"]
[SourceTitle "playchess.com"]
[Source "ChessBase"]
[SourceQuality "1"]
[WhiteTeam "Zambia"]
[BlackTeam "Mexico"]
[WhiteTeamCountry "ZAM"]
[BlackTeamCountry "MEX"]
[TimeControl "40/5400+30:1800+30"]

1. e4 e5 2. Nf3 Nc6 3. Bc4 Nf6 4. d3 h6 5. Be3 d6 6. h3 Na5 7. Bb3 Nxb3 8. axb3 Be7 9. Nc3 c5 10. O-O O-O 11. Nh2 d5 12. exd5 Nxd5 13. Ne4 f5 14. Nc3 f4 15. Bd2 Nxc3 16. Bxc3 Bd6 17. Nf3 Rf5 18. Re1 Qf6 19. Qe2 Be6 20. Nxe5 Bd5 21. Nf3 Qf7 22. d4 cxd4 23. Bxd4 a6 24. Rad1 Kh8 25. c4 Bc6 26. Qd3 Bc7 27. Re2 Rd8 28. Qc3 Bb6 29. Red2 Bxd4 30. Rxd4 Rxd4 31. Nxd4 Qg6 32. Nxc6 f3 33. Rd8+ Kh7 34. g4 Rf6 35. Ne5 Qb1+ 36. Kh2 Qf1 37. Qd3+ 1-0

[Event "45th FIDE Womens Olympiad 2024"]
[Site "Budapest"]
[Date "2024.09.13"]
[Round "3.129"]
[White "Charinda, Kudzanayi"]
[Black "Wafa, Shrook"]
[Result "1-0"]
[ECO "B56"]
[WhiteElo "1854"]
[BlackElo "2137"]
[Annotator "NA RC"]
[PlyCount "127"]
[EventDate "2024.09.05"]
[EventType "team-tourn"]
[EventCountry "HUN"]
[SourceTitle "playchess.com"]
[Source "ChessBase"]
[SourceQuality "1"]
[WhiteTeam "Zimbabwe"]
[BlackTeam "Egypt"]
[WhiteTeamCountry "ZIM"]
[BlackTeamCountry "EGY"]
[TimeControl "40/5400+30:1800+30"]

1. e4 c5 2. Nf3 Nc6 3. d4 cxd4 4. Nxd4 Nf6 5. Nc3 d6 6. Be3 g6 7. Qd2 Ng4 8. Bc4 Nxe3 9. Qxe3 Bg7 10. Nxc6 bxc6 11. O-O-O Qa5 12. Bb3 Rb8 13. f4 O-O 14. h4 Bg4 15. Rd3 h5 16. Nd1 c5 17. c4 Be6 18. Rd2 Rb4 19. Rc2 Rfb8 20. Rf1 Qa6 21. Qe2 Bg4 22. Qd3 Rxb3 23. axb3 Qa2 24. Nc3 Qxb3 25. Kd2 Qb4 26. Kc1 a5 27. Rff2 a4 28. Nd1 Qe1 29. Rf1 Qxh4 30. g3 Qf6 31. Nc3 Rb3 32. Qd5 a3 33. Qa8+ Kh7 34. e5 axb2+ 35. Kb1 dxe5 36. Ne4 Qf5 37. Ng5+ Qxg5 38. fxg5 Bf5 39. Rxf5 gxf5 40. Rxb2 Rxg3 41. Rg2 Rd3 42. Qe8 Kg6 43. Qxe7 Rb3+ 44. Kc2 Rb6 45. Qxc5 Ra6 46. Kb3 h4 47. Rh2 Re6 48. Rxh4 e4 49. Qe3 Rd6 50. Kb4 Rd3 51. Qe2 Rf3 52. Rh1 Bf8+ 53. c5 Kxg5 54. Qd2+ Kg6 55. Rg1+ Kf6 56. Qd4+ Ke6 57. Rd1 Be7 58. Kb5 Rb3+ 59. Ka6 Ra3+ 60. Kb7 e3 61. c6 Rb3+ 62. Kc8 Ra3 63. Qd7+ Kf6 64. Rd6+ 1-0

[Event "45th FIDE Womens Olympiad 2024"]
[Site "Budapest"]
[Date "2024.09.13"]
[Round "3.130"]
[White "Wafa, Shahenda"]
[Black "Makwena, Christine"]
[Result "1-0"]
[ECO "B94"]
[WhiteElo "2102"]
[BlackElo "1860"]
[Annotator "NA RC"]
[PlyCount "33"]
[EventDate "2024.09.05"]
[EventType "team-tourn"]
[EventCountry "HUN"]
[SourceTitle "playchess.com"]
[Source "ChessBase"]
[SourceQuality "1"]
[WhiteTeam "Egypt"]
[BlackTeam "Zimbabwe"]
[WhiteTeamCountry "EGY"]
[BlackTeamCountry "ZIM"]
[TimeControl "40/5400+30:1800+30"]

1. e4 c5 2. Nf3 d6 3. d4 cxd4 4. Nxd4 Nf6 5. Nc3 a6 6. Bg5 Nbd7 7. f4 Qc7 8. Qf3 b5 9. e5 Bb7 10. exd6 Qb6 11. Qe3 Qxd6 12. O-O-O Qc7 13. Bxb5 Qc5 14. Bxd7+ Nxd7 15. Rhe1 e6 16. Qh3 Nf6 17. Nxe6 1-0

[Event "45th FIDE Womens Olympiad 2024"]
[Site "Budapest"]
[Date "2024.09.13"]
[Round "3.131"]
[White "Shaba, Linda Dalitso"]
[Black "Romany, Joy"]
[Result "0-1"]
[ECO "A46"]
[WhiteElo "1831"]
[BlackElo "2012"]
[Annotator "NA RC"]
[PlyCount "102"]
[EventDate "2024.09.05"]
[EventType "team-tourn"]
[EventCountry "HUN"]
[SourceTitle "playchess.com"]
[Source "ChessBase"]
[SourceQuality "1"]
[WhiteTeam "Zimbabwe"]
[BlackTeam "Egypt"]
[WhiteTeamCountry "ZIM"]
[BlackTeamCountry "EGY"]
[TimeControl "40/5400+30:1800+30"]

1. e4 c5 2. Nf3 e6 3. d4 cxd4 4. Nxd4 Nc6 5. g3 Nf6 6. Bg2 Be7 7. O-O O-O 8. b3 d5 9. Nxc6 bxc6 10. e5 Nd7 11. Bb2 Bc5 12. Qg4 Ba6 13. c4 Qb6 14. Nd2 Rab8 15. Rac1 Qa5 16. Bc3 Bb4 17. Bxb4 Rxb4 18. Qe2 dxc4 19. Nxc4 Bxc4 20. Rxc4 Rxc4 21. Qxc4 Nxe5 22. Qe2 Rd8 23. Rd1 Rxd1+ 24. Qxd1 c5 25. f4 Ng6 26. Qe2 Qc3 27. Be4 Nf8 28. Kg2 g6 29. Bc6 Qa5 30. Be8 Qd8 31. Bc6 h5 32. h4 Nh7 33. Bf3 Nf6 34. Qb2 Nd5 35. Qd2 Qf6 36. Bxd5 Qd8 37. Kf2 exd5 38. Qc3 Qd6 39. Qa5 Qb6 40. Qa4 c4+ 41. Ke2 Qd4 42. Qe8+ Kg7 43. Qe5+ Qxe5+ 44. fxe5 cxb3 45. axb3 f6 46. exf6+ Kxf6 47. Kd3 Ke5 48. b4 a6 49. Ke3 d4+ 50. Kf3 Kd5 51. g4 hxg4+ 0-1

[Event "45th FIDE Womens Olympiad 2024"]
[Site "Budapest"]
[Date "2024.09.13"]
[Round "3.132"]
[White "Allam, Yara"]
[Black "Wakuruwarewa, Colletta"]
[Result "1-0"]
[ECO "C11"]
[WhiteElo "1920"]
[BlackElo "1814"]
[Annotator "NA RC"]
[PlyCount "55"]
[EventDate "2024.09.05"]
[EventType "team-tourn"]
[EventCountry "HUN"]
[SourceTitle "playchess.com"]
[Source "ChessBase"]
[SourceQuality "1"]
[WhiteTeam "Egypt"]
[BlackTeam "Zimbabwe"]
[WhiteTeamCountry "EGY"]
[BlackTeamCountry "ZIM"]
[TimeControl "40/5400+30:1800+30"]

1. e4 e6 2. d4 d5 3. Nc3 Nf6 4. e5 Nfd7 5. f4 c5 6. Nf3 Nc6 7. Be3 Be7 8. Be2 O-O 9. Qd2 a6 10. O-O f6 11. f5 cxd4 12. Nxd4 Nxd4 13. Bxd4 fxe5 14. fxe6 exd4 15. exd7 dxc3 16. Qxd5+ Kh8 17. Rxf8+ Bxf8 18. dxc8=Q Qxc8 19. Kh1 cxb2 20. Rf1 Qxc2 21. Bd3 Qc6 22. Qd4 Qc1 23. Qf2 Ba3 24. Qf5 Qh6 25. Qf3 Bd6 26. g3 Rb8 27. Qf2 Be5 28. Qf8+ 1-0

[Event "45th FIDE Womens Olympiad 2024"]
[Site "Budapest"]
[Date "2024.09.13"]
[Round "3.133"]
[White "Wagener, Anna"]
[Black "Sakai, Azumi"]
[Result "1/2-1/2"]
[ECO "C01"]
[WhiteElo "2251"]
[BlackElo "1871"]
[Annotator "RC"]
[PlyCount "93"]
[EventDate "2024.09.05"]
[EventType "team-tourn"]
[EventCountry "HUN"]
[SourceTitle "playchess.com"]
[Source "ChessBase"]
[SourceQuality "1"]
[WhiteTeam "Luxembourg"]
[BlackTeam "Japan"]
[WhiteTeamCountry "LUX"]
[BlackTeamCountry "JPN"]
[TimeControl "40/5400+30:1800+30"]

1. e4 e6 2. d4 d5 3. exd5 exd5 4. Nf3 Nf6 5. Bd3 Bd6 6. O-O O-O 7. h3 h6 8. Nc3 c6 9. Re1 Be6 10. Ne5 Nbd7 11. Bf4 Nb6 12. Qf3 Nc4 13. b3 Bb4 14. bxc4 Bxc3 15. Bh7+ Kxh7 16. Qxc3 dxc4 17. Nxc4 Nd5 18. Qd3+ Kg8 19. Bg3 Nb4 20. Qc3 Nd5 21. Qa3 Nb6 22. Nd6 Nc4 23. Nxc4 Bxc4 24. Qb4 b5 25. Bd6 Re8 26. Rxe8+ Qxe8 27. Re1 Qd8 28. a3 Qg5 29. Qc3 Bd5 30. Bg3 h5 31. h4 Qg4 32. Re5 Qd1+ 33. Kh2 f6 34. Re7 a5 35. f3 Qf1 36. Qe3 Bf7 37. Qe4 Rc8 38. Qf5 Re8 39. Rxe8+ Bxe8 40. Qe6+ Bf7 41. Qc8+ Kh7 42. Qxc6 Qc4 43. Qe4+ Bg6 44. Qe1 b4 45. axb4 axb4 46. Bd6 Qxd4 47. Qxb4 1/2-1/2

[Event "45th FIDE Womens Olympiad 2024"]
[Site "Budapest"]
[Date "2024.09.13"]
[Round "3.134"]
[White "Kinoshita, Kanako"]
[Black "Steil-Antoni, Fiona"]
[Result "0-1"]
[ECO "D05"]
[WhiteElo "1822"]
[BlackElo "2085"]
[Annotator "NA RC"]
[PlyCount "90"]
[EventDate "2024.09.05"]
[EventType "team-tourn"]
[EventCountry "HUN"]
[SourceTitle "playchess.com"]
[Source "ChessBase"]
[SourceQuality "1"]
[WhiteTeam "Japan"]
[BlackTeam "Luxembourg"]
[WhiteTeamCountry "JPN"]
[BlackTeamCountry "LUX"]
[TimeControl "40/5400+30:1800+30"]

1. d4 d5 2. Nf3 Nf6 3. e3 e6 4. Bd3 c5 5. b3 Be7 6. O-O O-O 7. Bb2 b6 8. Nbd2 Bb7 9. Ne5 Nbd7 10. f4 Ne4 11. c4 f5 12. Ndf3 Ndf6 13. cxd5 Nxd5 14. Qe1 Nb4 15. Rd1 Nxd3 16. Rxd3 Ba6 17. Nc4 b5 18. Nce5 c4 19. bxc4 bxc4 20. Nc6 Qc7 21. Nxe7+ Qxe7 22. Ba3 Qc7 23. Bxf8 cxd3 24. Bb4 d2 25. Nxd2 Nxd2 26. Qxd2 Bxf1 27. Kxf1 Qb7 28. Bc5 Rb8 29. Qa5 Qe4 30. Qc3 Qb1+ 31. Kf2 Qb2+ 32. Qxb2 Rxb2+ 33. Kf3 Rxa2 34. g4 a5 35. h3 a4 36. gxf5 exf5 37. e4 fxe4+ 38. Kxe4 Rh2 39. Ke5 Kf7 40. Kd6 Rxh3 41. Kc6 a3 42. d5 a2 43. Bd4 Rh1 44. d6 a1=Q 45. Bc5 Qa4+ 0-1

[Event "45th FIDE Womens Olympiad 2024"]
[Site "Budapest"]
[Date "2024.09.13"]
[Round "3.135"]
[White "Bakalarz, Grazyna"]
[Black "Mitsuyama, Rikka"]
[Result "1-0"]
[ECO "D37"]
[WhiteElo "1928"]
[BlackElo "1738"]
[Annotator "NA RC"]
[PlyCount "77"]
[EventDate "2024.09.05"]
[EventType "team-tourn"]
[EventCountry "HUN"]
[SourceTitle "playchess.com"]
[Source "ChessBase"]
[SourceQuality "1"]
[WhiteTeam "Luxembourg"]
[BlackTeam "Japan"]
[WhiteTeamCountry "LUX"]
[BlackTeamCountry "JPN"]
[TimeControl "40/5400+30:1800+30"]

1. d4 d5 2. c4 e6 3. Nf3 Nf6 4. Nc3 Be7 5. Bf4 O-O 6. e3 c6 7. Be2 Nbd7 8. Rc1 Nh5 9. Bg3 Nxg3 10. hxg3 Nf6 11. Qc2 g6 12. a3 dxc4 13. Bxc4 b5 14. Bd3 b4 15. axb4 Bxb4 16. O-O c5 17. dxc5 Bxc5 18. Rfd1 Qe7 19. Ne4 Bb6 20. Qa4 Nd5 21. Nd4 Bb7 22. Nc3 Nf6 23. Bb5 Ng4 24. Nc6 Qg5 25. Ne4 Qh6 26. Nc5 Qh2+ 27. Kf1 Nxe3+ 28. fxe3 a6 29. Ne7+ Kh8 30. Nxb7 Bxe3 31. Bc6 Qg1+ 32. Ke2 Qf2+ 33. Kd3 Qxg3 34. Bf3 Qg5 35. Rc7 Bb6 36. Rd7 Qe3+ 37. Kc2 Rab8 38. Qh4 Rfe8 39. Qf6# 1-0

[Event "45th FIDE Womens Olympiad 2024"]
[Site "Budapest"]
[Date "2024.09.13"]
[Round "3.136"]
[White "Takayasu, Melody"]
[Black "Lyon, Hannah Jane"]
[Result "0-1"]
[ECO "B12"]
[WhiteElo "1768"]
[BlackElo "1797"]
[Annotator "NA"]
[PlyCount "90"]
[EventDate "2024.09.05"]
[EventType "team-tourn"]
[EventCountry "HUN"]
[SourceTitle "playchess.com"]
[Source "ChessBase"]
[SourceQuality "1"]
[WhiteTeam "Japan"]
[BlackTeam "Luxembourg"]
[WhiteTeamCountry "JPN"]
[BlackTeamCountry "LUX"]
[TimeControl "40/5400+30:1800+30"]

1. e4 c6 2. d4 d5 3. e5 Bf5 4. c4 e6 5. Nc3 Ne7 6. Nf3 h6 7. b3 Nd7 8. h3 Qa5 9. Bd2 Qc7 10. g4 Bh7 11. c5 f6 12. exf6 gxf6 13. Qc1 e5 14. Bxh6 exd4 15. Bxf8 Rxf8 16. Nxd4 Nxc5 17. b4 Qe5+ 18. Qe3 Ne4 19. f4 Qd6 20. Nxe4 Bxe4 21. Rh2 Qxb4+ 22. Qd2 Qd6 23. Bg2 Bh7 24. Bf3 Ng6 25. Re2+ Kf7 26. f5 Qg3+ 27. Kf1 Ne5 28. Qh6 Rh8 29. Qh5+ Kg8 30. Rxe5 fxe5 31. Qg5+ Kf7 32. Qh5+ Ke7 33. Qg5+ Kd6 34. Qf6+ Kc5 35. Nb3+ Kb6 36. Nd2 Qxh3+ 37. Kf2 Qh2+ 38. Bg2 Qf4+ 39. Nf3 Rae8 40. Rb1+ Kc5 41. Qg5 Qxg5 42. Nxg5 b5 43. Rc1+ Kb6 44. Nf7 Rhg8 45. Nh6 Rg7 0-1

[Event "45th FIDE Womens Olympiad 2024"]
[Site "Budapest"]
[Date "2024.09.13"]
[Round "3.137"]
[White "Morales Santos, Natasha"]
[Black "Ortiz Verdezoto, Anahi"]
[Result "0-1"]
[ECO "B14"]
[WhiteElo "1972"]
[BlackElo "2229"]
[Annotator "RC"]
[PlyCount "160"]
[EventDate "2024.09.05"]
[EventType "team-tourn"]
[EventCountry "HUN"]
[SourceTitle "playchess.com"]
[Source "ChessBase"]
[SourceQuality "1"]
[WhiteTeam "Puerto Rico"]
[BlackTeam "Ecuador"]
[WhiteTeamCountry "PUR"]
[BlackTeamCountry "ECU"]
[TimeControl "40/5400+30:1800+30"]

1. d4 Nf6 2. c4 e6 3. Nc3 Bb4 4. e3 c5 5. Bd2 cxd4 6. exd4 O-O 7. Bd3 d5 8. Nf3 dxc4 9. Bxc4 Nc6 10. a3 Be7 11. Be3 b6 12. O-O Bb7 13. Qe2 Na5 14. Ba2 Nd5 15. Rac1 Nxc3 16. Rxc3 Bd5 17. Bb1 Rc8 18. Rfc1 Rxc3 19. Rxc3 Qa8 20. b4 Nc6 21. Ne5 Nxe5 22. dxe5 g6 23. Bh6 Rc8 24. Rxc8+ Qxc8 25. Qc2 Qd7 26. h3 Bb7 27. Qd3 Qc6 28. f3 Qc7 29. Qb5 Bc6 30. Qc4 Qd7 31. Qd3 Bd5 32. Bc2 a5 33. bxa5 bxa5 34. Qa6 Bc5+ 35. Kh2 Qc7 36. Ba4 Qxe5+ 37. f4 Qc7 38. Qb5 Bf8 39. Qe8 Qe7 40. Qb8 Qxa3 41. Qd8 Qe7 42. Qb8 f6 43. Bd1 Kf7 44. Bxf8 Qxf8 45. Qa7+ Qe7 46. Qxa5 Qb7 47. Qd2 Qc7 48. Kg1 Qc5+ 49. Kh2 e5 50. fxe5 fxe5 51. Qh6 Kg8 52. Qg5 Qd6 53. Bg4 e4+ 54. Kh1 Bf7 55. Qe3 Qe5 56. Kg1 h5 57. Be2 g5 58. Kf2 Kg7 59. g3 h4 60. gxh4 gxh4 61. Bg4 Kg6 62. Qb6+ Kg7 63. Qe3 Qf6+ 64. Ke1 Bg6 65. Qa7+ Kh8 66. Qa8+ Kg7 67. Qa7+ Bf7 68. Qe3 Bd5 69. Qa7+ Kg6 70. Qe3 Qb2 71. Qd2 Qb3 72. Qe2 e3 73. Bh5+ Kf6 74. Qg4 Qc3+ 75. Kf1 Qc1+ 76. Qd1 Bc4+ 77. Kg2 Qxd1 78. Bxd1 e2 79. Bxe2 Bxe2 80. Kf2 Bh5 0-1

[Event "45th FIDE Womens Olympiad 2024"]
[Site "Budapest"]
[Date "2024.09.13"]
[Round "3.138"]
[White "Wagenschuetz, Evelyn"]
[Black "Rivera Negron, Yanira"]
[Result "1-0"]
[ECO "C14"]
[WhiteElo "2036"]
[BlackElo "1805"]
[Annotator "NA RC"]
[PlyCount "59"]
[EventDate "2024.09.05"]
[EventType "team-tourn"]
[EventCountry "HUN"]
[SourceTitle "playchess.com"]
[Source "ChessBase"]
[SourceQuality "1"]
[WhiteTeam "Ecuador"]
[BlackTeam "Puerto Rico"]
[WhiteTeamCountry "ECU"]
[BlackTeamCountry "PUR"]
[TimeControl "40/5400+30:1800+30"]

1. e4 e6 2. d4 d5 3. Nc3 Nf6 4. Bg5 Be7 5. e5 Nfd7 6. Bxe7 Qxe7 7. f4 a6 8. Qg4 f6 9. Bd3 fxe5 10. fxe5 c5 11. Nf3 cxd4 12. Ne2 Nc6 13. Nexd4 Nxd4 14. Nxd4 Nc5 15. O-O Nxd3 16. cxd3 Bd7 17. Qh5+ g6 18. Qh6 O-O-O 19. Rf6 Qb4 20. Nb3 Rdf8 21. Rc1+ Kb8 22. Nc5 Rd8 23. Rf7 Bc8 24. Qe3 d4 25. Qf2 b6 26. Rc4 Qa5 27. b4 Qa3 28. Nb3 Rd7 29. Rf8 Rxf8 30. Qxf8 1-0

[Event "45th FIDE Womens Olympiad 2024"]
[Site "Budapest"]
[Date "2024.09.13"]
[Round "3.139"]
[White "Vega Jimenez, Keyshla M."]
[Black "Vasquez Ramirez, Rocio"]
[Result "0-1"]
[ECO "B24"]
[WhiteElo "1769"]
[BlackElo "1981"]
[Annotator "NA RC"]
[PlyCount "90"]
[EventDate "2024.09.05"]
[EventType "team-tourn"]
[EventCountry "HUN"]
[SourceTitle "playchess.com"]
[Source "ChessBase"]
[SourceQuality "1"]
[WhiteTeam "Puerto Rico"]
[BlackTeam "Ecuador"]
[WhiteTeamCountry "PUR"]
[BlackTeamCountry "ECU"]
[TimeControl "40/5400+30:1800+30"]

1. e4 c5 2. Nc3 a6 3. g3 Nc6 4. Bg2 e6 5. Nh3 Nf6 6. d3 Be7 7. O-O O-O 8. f4 d5 9. e5 Nd7 10. Qg4 Nd4 11. Qd1 Nf5 12. Nf2 b5 13. Ne2 Rb8 14. Ng4 d4 15. Nf2 h5 16. Ne4 Nb6 17. g4 hxg4 18. N2g3 Nd5 19. Nxf5 exf5 20. Ng3 g6 21. Qe2 Be6 22. a3 Qb6 23. Kh1 Rfc8 24. Bd2 c4 25. Rae1 c3 26. Bc1 b4 27. axb4 cxb2 28. Bxb2 Qxb4 29. Bc1 Qc3 30. Rf2 Rb1 31. Nf1 Ba3 32. Bd2 Qxc2 33. Rxb1 Qxb1 34. Be1 Rc1 35. Ba5 Ne3 36. Bd2 Rc2 37. Qe1 Qxe1 38. Bxe1 Nxg2 39. Kxg2 Bd5+ 40. Kg3 Rc1 41. Ba5 Rd1 42. Bd2 a5 43. h3 gxh3 44. Kxh3 Bb4 45. Kh4 Rxf1 0-1

[Event "45th FIDE Womens Olympiad 2024"]
[Site "Budapest"]
[Date "2024.09.13"]
[Round "3.140"]
[White "Miranda Vargas, Analia Karen"]
[Black "Alvarado Perez, Coralys M."]
[Result "1/2-1/2"]
[ECO "B01"]
[WhiteElo "1891"]
[BlackElo "1694"]
[Annotator "NA RC"]
[PlyCount "55"]
[EventDate "2024.09.05"]
[EventType "team-tourn"]
[EventCountry "HUN"]
[SourceTitle "playchess.com"]
[Source "ChessBase"]
[SourceQuality "1"]
[WhiteTeam "Ecuador"]
[BlackTeam "Puerto Rico"]
[WhiteTeamCountry "ECU"]
[BlackTeamCountry "PUR"]
[TimeControl "40/5400+30:1800+30"]

1. e4 d5 2. exd5 Qxd5 3. Nc3 Qa5 4. Bc4 Nf6 5. h3 Nc6 6. Nf3 Bf5 7. d3 e6 8. Bd2 Bb4 9. a3 Bxc3 10. Bxc3 Qb6 11. Qe2 O-O-O 12. g4 Bg6 13. O-O-O Rhe8 14. Rhg1 Qc5 15. h4 h6 16. g5 hxg5 17. hxg5 Nh5 18. Nh4 Nf4 19. Qf3 e5 20. Rde1 Bh5 21. Qe4 Qxf2 22. Qf5+ Kb8 23. Rh1 Ne2+ 24. Kd2 Nf4+ 25. Kc1 Ne2+ 26. Kd2 Nf4+ 27. Kc1 Ne2+ 28. Kd2 1/2-1/2

[Event "45th FIDE Womens Olympiad 2024"]
[Site "Budapest"]
[Date "2024.09.13"]
[Round "3.141"]
[White "De Blecourt, Sandra"]
[Black "Sawan, Eman"]
[Result "0-1"]
[ECO "E70"]
[WhiteElo "2065"]
[BlackElo "1972"]
[Annotator "NA RC"]
[PlyCount "100"]
[EventDate "2024.09.05"]
[EventType "team-tourn"]
[EventCountry "HUN"]
[SourceTitle "playchess.com"]
[Source "ChessBase"]
[SourceQuality "1"]
[WhiteTeam "Denmark"]
[BlackTeam "Palestine"]
[WhiteTeamCountry "DEN"]
[BlackTeamCountry "PLE"]
[TimeControl "40/5400+30:1800+30"]

1. d4 Nf6 2. c4 g6 3. Nc3 Bg7 4. e4 d6 5. Bd3 O-O 6. Nge2 Nc6 7. O-O e5 8. d5 Nd4 9. Nxd4 exd4 10. Ne2 Qe7 11. f3 Nd7 12. Bc2 Qf6 13. Rb1 c5 14. dxc6 bxc6 15. b4 c5 16. Nf4 Nb6 17. Bd3 Bd7 18. Qb3 Ba4 19. Qa3 cxb4 20. Rxb4 Bc6 21. Nd5 Bxd5 22. cxd5 Nd7 23. Bd2 Nc5 24. Rfb1 h5 25. Bf1 h4 26. h3 Rfc8 27. Rc4 Qe7 28. Qc1 Bf6 29. Rb5 Rab8 30. Qb1 Rxb5 31. Qxb5 Qe5 32. f4 Qxe4 33. Rc1 Qxd5 34. Bc4 Qc6 35. Qb1 Kg7 36. Re1 d5 37. Bb5 Qb6 38. f5 Ne4 39. fxg6 Nxd2 40. Qf5 Qc5 41. gxf7 d3+ 42. Kh1 Ne4 43. Qg4+ Kxf7 44. Qh5+ Kg7 45. Qg4+ Kh6 46. Qf4+ Bg5 47. Qf7 Nf2+ 48. Kh2 Qc7+ 49. Qxc7 Rxc7 50. Re6+ Kg7 0-1

[Event "45th FIDE Womens Olympiad 2024"]
[Site "Budapest"]
[Date "2024.09.13"]
[Round "3.142"]
[White "Hamouri, Taqwa"]
[Black "Kakulidis, Ellen"]
[Result "0-1"]
[ECO "C56"]
[WhiteElo "1845"]
[BlackElo "2048"]
[Annotator "NA RC"]
[PlyCount "90"]
[EventDate "2024.09.05"]
[EventType "team-tourn"]
[EventCountry "HUN"]
[SourceTitle "playchess.com"]
[Source "ChessBase"]
[SourceQuality "1"]
[WhiteTeam "Palestine"]
[BlackTeam "Denmark"]
[WhiteTeamCountry "PLE"]
[BlackTeamCountry "DEN"]
[TimeControl "40/5400+30:1800+30"]

1. e4 e5 2. Nf3 Nc6 3. Bc4 Nf6 4. d4 exd4 5. O-O Nxe4 6. Re1 d5 7. Bxd5 Qxd5 8. Nc3 Qh5 9. Nxe4 Be6 10. Bg5 Bd6 11. Nxd6+ cxd6 12. Bf4 Qd5 13. c3 Rc8 14. Nxd4 Nxd4 15. Qxd4 Qxd4 16. cxd4 Kd7 17. d5 Bf5 18. Rac1 Rhe8 19. Bd2 Rxc1 20. Rxc1 Be4 21. Bc3 Bxd5 22. f3 f6 23. a3 Bc6 24. Kf2 Bb5 25. h4 Re2+ 26. Kg3 h5 27. Rd1 Bc6 28. Rg1 Ke6 29. Kf4 Kf7 30. Bd4 a6 31. g4 hxg4 32. Rxg4 Bd7 33. Rg1 Rh2 34. Bc3 Rxh4+ 35. Kg3 Rh3+ 36. Kg2 Rh5 37. Rd1 d5 38. Bb4 Bc6 39. Kg3 Re5 40. Bc3 Re2 41. Rd4 g5 42. f4 Kg6 43. fxg5 fxg5 44. Kg4 Re3 45. Bd2 Bd7# 0-1

[Event "45th FIDE Womens Olympiad 2024"]
[Site "Budapest"]
[Date "2024.09.13"]
[Round "3.143"]
[White "Guindy, Esmat Susanne"]
[Black "Faqeeh, Yara"]
[Result "1-0"]
[ECO "E67"]
[WhiteElo "2015"]
[BlackElo "1671"]
[Annotator "NA RC"]
[PlyCount "81"]
[EventDate "2024.09.05"]
[EventType "team-tourn"]
[EventCountry "HUN"]
[SourceTitle "playchess.com"]
[Source "ChessBase"]
[SourceQuality "1"]
[WhiteTeam "Denmark"]
[BlackTeam "Palestine"]
[WhiteTeamCountry "DEN"]
[BlackTeamCountry "PLE"]
[TimeControl "40/5400+30:1800+30"]

1. d4 Nf6 2. g3 g6 3. Bg2 Bg7 4. Nf3 d6 5. O-O Nbd7 6. c4 O-O 7. Nc3 Re8 8. e4 e5 9. h3 Rb8 10. Be3 b6 11. Re1 Bb7 12. d5 Nh5 13. Rc1 Rf8 14. Qd2 Bh8 15. Bh6 Ng7 16. Ng5 Re8 17. f4 Nf6 18. fxe5 dxe5 19. g4 Qe7 20. Qf2 Nd7 21. Rf1 f6 22. Bxg7 Bxg7 23. Ne6 Bh8 24. Nxc7 Rec8 25. N3b5 a6 26. d6 Qd8 27. Nc3 Nc5 28. Rcd1 Qd7 29. b4 Ne6 30. N3d5 Bxd5 31. Nxd5 Rf8 32. Nxb6 Qc6 33. c5 Nd4 34. Rxd4 Rxb6 35. cxb6 exd4 36. Qxd4 Rd8 37. e5 Qd7 38. Qc4+ Kf8 39. Qc7 Bg7 40. e6 Qxe6 41. Qxd8+ 1-0

[Event "45th FIDE Womens Olympiad 2024"]
[Site "Budapest"]
[Date "2024.09.13"]
[Round "3.144"]
[White "Natsheh, Wajd"]
[Black "Durrfeld, Sofie Bech"]
[Result "0-1"]
[ECO "A45"]
[WhiteElo "1739"]
[BlackElo "1937"]
[Annotator "NA RC"]
[PlyCount "88"]
[EventDate "2024.09.05"]
[EventType "team-tourn"]
[EventCountry "HUN"]
[SourceTitle "playchess.com"]
[Source "ChessBase"]
[SourceQuality "1"]
[WhiteTeam "Palestine"]
[BlackTeam "Denmark"]
[WhiteTeamCountry "PLE"]
[BlackTeamCountry "DEN"]
[TimeControl "40/5400+30:1800+30"]

1. d4 Nf6 2. Bg5 Ne4 3. Bf4 d5 4. f3 Nd6 5. Nc3 e6 6. e4 c6 7. Bd3 Qb6 8. Nge2 Be7 9. O-O Nd7 10. Na4 Qd8 11. Qe1 g5 12. Bxd6 Bxd6 13. e5 Bc7 14. f4 b5 15. Nac3 Bb7 16. f5 Qe7 17. a4 b4 18. Na2 c5 19. c3 b3 20. Nac1 c4 21. Bb1 f6 22. Ng3 fxe5 23. fxe6 Qxe6 24. Bf5 Qd6 25. dxe5 Nxe5 26. Nce2 O-O 27. Nd4 Rae8 28. Qd2 h6 29. Nb5 Qb6+ 30. Nd4 Ng6 31. a5 Qd6 32. Bg4 Nf4 33. Kh1 Bc8 34. Bf3 g4 35. Nb5 gxf3 36. Nxd6 fxg2+ 37. Kg1 gxf1=Q+ 38. Rxf1 Bxd6 39. Qd4 Nh3+ 40. Kh1 Rxf1+ 41. Nxf1 Be6 42. Qf6 Kh7 43. Ne3 Rg8 44. Ng2 Rf8 0-1